 Dungeon Crawl Stone Soup version 0.27-a0-637-g3a9f0a9c12 (webtiles) character file.

Game seed: 7493761480277313913

32942 snetch the Basher (level 13, -1/117 HPs)
             Began as a Minotaur Berserker on Mar 14, 2021.
             Was a High Priest of Trog.
             Slain by a vault guard
             ... wielding a +0 great mace
              (17 damage)
             ... on level 14 of the Dungeon on Mar 15, 2021.
             The game lasted 00:48:08 (13516 turns).

snetch the Basher (Minotaur Berserker)             Turns: 13516, Time: 00:48:09

Health: -1/117     AC: 27    Str: 26    XL:     13   Next: 34%
Magic:  12/12      EV:  9    Int:  4    God:    Trog [*****.]
Gold:   705        SH:  0    Dex: 11    Spells: 12/12 levels left

rFire    + + +     SeeInvis .   h - +7 great mace "Firestarter" {inner flame, rF++}
rCold    + . .     Faith    .   (shield currently unavailable)
rNeg     + . .     Spirit   .   u - +2 plate armour {rN+}
rPois    +         Reflect  .   (helmet restricted)
rElec    .         Harm     .   r - scarf {rC+ rF+}
rCorr    .         Rampage  .   J - +2 pair of gloves
Will     ++...                  s - +0 pair of boots
Stlth    ..........             V - amulet of magic regeneration
HPRegen  1.29/turn              k - +4 ring of protection
MPRegen  0.38/turn              T - ring of poison resistance

@: regenerating, hasted, very quick
A: horns 2, retaliatory headbutt
a: Renounce Religion, Berserk, Trog's Hand, Brothers in Arms


You were on level 14 of the Dungeon.
You worshipped Trog.
Trog was extremely pleased with you.
You visited 2 branches of the dungeon, and saw 15 of its levels.

You collected 953 gold pieces.
You spent 248 gold pieces at shops.

Inventory:

Hand Weapons
 a - a +6 spear of flaming
 b - a +3 morningstar
 c - a +1 broad axe of draining
 d - a +2 falchion of flaming
 g - a +4 scimitar of freezing
 h - the +7 great mace "Firestarter" (weapon) {inner flame, rF++}
   (You found it on level 11 of the Dungeon)

   It has been specially enchanted to burn those struck by it, causing extra
   injury to most foes and up to half again as much damage against particularly
   susceptible opponents.
   It greatly protects you from fire.
 Q - a +4 spear of freezing
Missiles
 f - 281 stones
 i - 41 poisoned darts (quivered)
 p - 492 arrows
 w - 93 sling bullets
 x - 86 bolts
 A - 17 boomerangs
 Y - 4 silver boomerangs
 Z - a curare-tipped dart
Armour
 j - a +2 cloak
 r - a scarf of resistance (worn)
 s - a +0 pair of boots (worn)
 t - a +2 kite shield of protection
 u - a +2 plate armour of positive energy (worn)
 J - a +2 pair of gloves (worn)
Jewellery
 k - a +4 ring of protection (right hand)
 H - a +4 ring of protection
 I - a ring of flight
 R - a ring of resist corrosion
 T - a ring of poison resistance (left hand)
 V - an amulet of magic regeneration (around neck)
Wands
 B - a wand of polymorph (6)
 F - a wand of iceblast (38)
 K - a wand of random effects (32)
 U - a wand of digging (10)
 X - a wand of paralysis (6)
Scrolls
 e - a scroll of noise
 m - 4 scrolls of enchant weapon
 n - 10 scrolls of teleportation
 q - 5 scrolls of immolation
 y - 3 scrolls of blinking
 D - 2 scrolls of magic mapping
 G - 2 scrolls of enchant armour
 N - 3 scrolls of fear
 S - 2 scrolls of fog
Potions
 l - a potion of ambrosia
 o - 2 potions of haste
 v - 5 potions of curing
 z - 2 potions of attraction
 C - 3 potions of might
 E - 2 potions of flight
 L - a potion of heal wounds
 M - 4 potions of cancellation
 O - a potion of mutation
 P - a potion of invisibility
 W - a potion of lignification


   Skills:
 + Level 11.7 Fighting
 + Level 6.0(12.8) Axes
 + Level 14.2(14.6) Maces & Flails
 + Level 11.0(11.5) Polearms
 + Level 5.1 Throwing
 + Level 13.3 Armour
 + Level 3.4 Dodging
 + Level 1.1 Stealth
 - Level 6.0 Shields


You had 12 spell levels left.
You didn't know any spells.
Your spell library contained the following spells:

 Spells                   Type           Power      Damage    Failure   Level
 Animate Skeleton         Necr           0%         N/A       99%         1
 Apportation              Tloc           0%         N/A       99%         1
 Corona                   Hex            0%         N/A       99%         1
 Summon Small Mammal      Summ           0%         N/A       99%         1


Dungeon Overview and Level Annotations

Branches:
Dungeon (14/15)            Temple (1/1) D:7            Lair (0/6) D:8
    Orc (0/2) D:10
 Vaults: D:13-14

Altars:
Ashenzari
Cheibriados
Dithmenos
Elyvilon
Fedhas
Gozag
Hepliaklqana
Kikubaaqudgha
Makhleb
Nemelex Xobeh
Okawaru
Qazlal
Ru
Sif Muna
Trog
Uskayaw
Vehumet
Wu Jian
Xom
Yredelemnul
Zin
The Shining One
Beogh

Shops:
D:5 !   D:7 ?   D:10 *[*

Annotations:
D:13 1 transporter
Temple lava snakes behind glass


Innate Abilities, Weirdness & Mutations

You have a pair of horns on your head.
You reflexively headbutt those who attack you in melee.


Message History

You feel strong-willed. The fire elemental misses you. You furiously retaliate!
You headbutt the fire elemental! You barely miss the fire elemental.
The fire elemental is moderately damaged.
You flatten the fire elemental like a pancake!!!
You destroy the fire elemental!
You hit the fire elemental.
The fire elemental is filled with an inner flame.
Your headbutt misses the fire elemental.
The fire elemental is lightly damaged.
The fire elemental hits you. The fire elemental burns you! You resist.
* * * LOW HITPOINT WARNING * * *
You bludgeon the fire elemental!!
Flame seeps out of the fire elemental.
You headbutt the fire elemental!
The fire elemental explodes!
The fiery explosion engulfs you. You resist.
* * * LOW HITPOINT WARNING * * *
You see here a yak corpse.
You closely miss the deep elf pyromancer.
The deep elf pyromancer completely misses you.
You bludgeon the deep elf pyromancer!! You burn the deep elf pyromancer!
The deep elf pyromancer is filled with an inner flame.
Your headbutt misses the deep elf pyromancer.
The deep elf pyromancer is almost dead.
The deep elf pyromancer gestures wildly while chanting.
You bludgeon the deep elf pyromancer!! You burn the deep elf pyromancer.
Trog accepts your kill.
Trog appreciates your killing of a magic user.
The fire elemental disappears in a puff of smoke!
The deep elf pyromancer explodes!
The fiery explosion engulfs you. You resist.
* * * LOW HITPOINT WARNING * * *
You recover from your berserk rage.
A vault guard comes into view. It is wielding a +0 great mace.
Things that are here:
a +0 great sword; a +0 chain mail You see here a +0 flail of protection.
The vault guard hits you with a +0 great mace!
You die...

#.............####
.......####.#.....###.
###.....# #.#.....[...
#.###.###.##........
#.###..##...........
####..#...#............
....................##
#.p.................
#..@..............##
#......))..........#
#....)#.............
.......#).§..)........
########.))§§)....!..
#.##○§§§.......
#...○###)......
#...##........## ##...
......###


You could see a vault guard.

Vanquished Creatures
  7 vault guards (D:14)
  A boulder beetle (D:14)
  A centaur warrior (D:14)
  4 two-headed ogres
  2 tengu warriors (D:14)
  5 skeletal warriors (D:14)
  Pikel (D:5)
  A deep elf pyromancer (D:14)
  11 ugly things
  2 gargoyles (D:12)
  A centaur zombie (D:14)
  Psyche (D:10)
  Maggie (D:9)
  A kobold demonologist (D:13)
  A komodo dragon (D:12)
  A harpy zombie (D:14)
  3 trolls
  4 hornets
  Grinder (D:5)
  Prince Ribbit (D:7)
  5 slime creatures (D:12)
  A shadow (D:10)
  2 wraiths (D:14)
  2 wyverns
  3 yaks (D:14)
  2 vampire mosquitoes (D:14)
  A steam dragon (D:11)
  An acid dragon (D:11)
  9 orc warriors
  An ice beast (D:6)
  4 sky beasts
  2 black bears (D:8)
  4 ogres
  16 centaurs
  2 phantoms
  A lemure (D:5)
  2 kobold brigands
  6 bullfrogs
  A gnoll sergeant (D:4)
  3 scorpions
  28 wights
  2 electric eels (D:9)
  6 howler monkeys
  2 quasits
  A bullfrog zombie (D:11)
  8 hounds
  4 jellies
  2 centaur skeletons
  13 orc priests
  A bullfrog skeleton (D:5)
  7 iguanas
  Ijyb (D:5)
  5 worker ants
  8 orc wizards
  A worker ant zombie (D:9)
  15 adders
  6 gnolls
  2 shadow imps
  A white imp (D:3)
  An ufetubus (D:8)
  3 oozes (D:2)
  An adder skeleton (D:8)
  2 worms
  2 dart slugs
  6 leopard geckos
  76 orcs
  A ball python (D:2)
  14 bats
  A giant cockroach (D:3)
  7 goblins
  7 hobgoblins
  11 jackals
  2 quokkas
  A ball python skeleton (D:3)
  9 frilled lizards
  A jackal skeleton (D:5)
  15 kobolds
  11 rats
402 creatures vanquished.

Vanquished Creatures (collateral kills)
  A centaur warrior (D:11)
  An ugly thing (D:14)
  5 yaks (D:11)
  2 orc warriors (D:10)
  3 centaurs (D:11)
  An orc priest (D:10)
  An orc (D:10)
14 creatures vanquished.

Vanquished Creatures (others)
  An orc (D:10)
  7 fungi (D:8)
  16 plants (D:8)
24 creatures vanquished.

Grand Total: 440 creatures vanquished

Notes
Turn   | Place    | Note
-------+----------+-------------------------------------------
     0 | D:1      | snetch the Minotaur Berserker began the quest for the Orb.
     0 | D:1      | Reached XP level 1. HP: 19/19 MP: 0/0
   186 | D:2      | Reached XP level 2. HP: 22/27 MP: 1/1
   537 | D:2      | Reached XP level 3. HP: 30/33 MP: 2/2
   614 | D:1      | Reached ** piety under Trog
  1199 | D:2      | Reached skill level 1 in Maces & Flails
  1306 | D:2      | Reached XP level 4. HP: 41/41 MP: 3/3
  1400 | D:2      | Found a bloodstained altar of Trog.
  1887 | D:3      | Reached skill level 2 in Maces & Flails
  1922 | D:4      | Reached *** piety under Trog
  2099 | D:3      | Reached XP level 5. HP: 47/47 MP: 4/4
  2175 | D:4      | Reached skill level 3 in Maces & Flails
  2803 | D:5      | Entered Level 5 of the Dungeon
  2803 | D:5      | Found Sik Amy's Distillery.
  2815 | D:5      | Bought a potion of curing for 39 gold pieces
  2815 | D:5      | Bought a potion of might for 52 gold pieces
  2869 | D:4      | Reached skill level 4 in Maces & Flails
  2869 | D:4      | Reached XP level 6. HP: 53/53 MP: 5/5
  2948 | D:5      | Found a shimmering altar of Xom.
  2966 | D:5      | Reached skill level 5 in Maces & Flails
  3069 | D:4      | Reached skill level 1 in Polearms
  3283 | D:5      | Noticed Pikel
  3309 | D:5      | Killed Pikel
  3310 | D:5      | Reached skill level 5 in Fighting
  3310 | D:5      | Reached skill level 6 in Maces & Flails
  3310 | D:5      | Reached skill level 5 in Armour
  3310 | D:5      | Reached XP level 7. HP: 53/61 MP: 6/6
  3486 | D:5      | Noticed Grinder
  3498 | D:5      | Killed Grinder
  3499 | D:5      | Reached XP level 8. HP: 70/70 MP: 7/7
  3611 | D:5      | Found an ornate altar of the Wu Jian Council.
  3642 | D:5      | Found a stormy altar of Qazlal.
  3664 | D:5      | Noticed a hornet
  3672 | D:5      | Killed a hornet
  3673 | D:5      | Reached skill level 7 in Maces & Flails
  3716 | D:5      | Noticed Ijyb
  3728 | D:5      | Killed Ijyb
  3871 | D:5      | Found a hazy altar of Hepliaklqana.
  4373 | D:6      | Reached skill level 1 in Shields
  4498 | D:6      | Reached skill level 5 in Polearms
  4532 | D:6      | Reached **** piety under Trog
  4763 | D:6      | Reached XP level 9. HP: 77/77 MP: 8/8
  4775 | D:7      | Found a staircase to the Ecumenical Temple.
  5262 | D:7      | Noticed Prince Ribbit
  5271 | D:7      | Killed Prince Ribbit
  5279 | Temple   | Entered the Ecumenical Temple
  5521 | D:7      | Found Milaek's Magic Scroll Emporium.
  5560 | D:7      | Bought a scroll of blinking for 82 gold pieces
  5560 | D:7      | Bought a scroll of teleportation for 33 gold pieces
  5624 | D:7      | Identified the +0 buckler of the Shore {*Contam *Corrode
                  | Will+++}
  6355 | D:8      | Found a basalt altar of Yredelemnul.
  6378 | D:8      | Found a sacrificial altar of Ru.
  6418 | D:8      | Reached XP level 10. HP: 70/88 MP: 9/9
  6578 | D:8      | Reached skill level 1 in Throwing
  6691 | D:8      | Found a staircase to the Lair.
  7046 | D:8      | Identified the +2 ring mail "Pustaj Mimi" {Str+4}
  7325 | D:9      | Reached ***** piety under Trog
  7358 | D:10     | Entered Level 10 of the Dungeon
  7714 | D:9      | Noticed Maggie
  7741 | D:9      | Killed Maggie
  8475 | D:10     | Found a staircase to the Orcish Mines.
  8787 | D:10     | Found Ehejecoz's General Store.
  8800 | D:10     | Bought a scroll of fog for 22 gold pieces
  8873 | D:10     | Found Urokavel's General Store.
  8876 | D:10     | Bought a scroll of identify for 20 gold pieces
  9340 | D:10     | Reached skill level 10 in Polearms
  9346 | D:10     | Found Zogar's Armour Emporium.
  9406 | D:10     | Noticed Psyche
  9423 | D:10     | Killed Psyche
  9424 | D:10     | Reached skill level 10 in Armour
  9745 | D:11     | Noticed a two-headed ogre
  9759 | D:11     | Killed a two-headed ogre
  9760 | D:11     | Reached skill level 5 in Shields
  9760 | D:11     | Reached XP level 11. HP: 82/95 MP: 10/10
  9845 | D:11     | Noticed a white ugly thing
  9847 | D:11     | Noticed a purple ugly thing
  9857 | D:11     | Killed a white ugly thing
  9858 | D:11     | Reached skill level 5 in Axes
  9859 | D:11     | Killed a white ugly thing
 10130 | D:11     | Noticed a brown ugly thing
 10132 | D:11     | Noticed a cyan ugly thing
 10139 | D:11     | Killed a cyan ugly thing
 10140 | D:11     | Reached skill level 5 in Throwing
 10149 | D:11     | Killed a white ugly thing
 10533 | D:11     | Noticed a centaur warrior
 10539 | D:11     | Killed a centaur warrior
 10540 | D:11     | Reached skill level 1 in Stealth
 10970 | D:11     | Found the +7 great mace "Firestarter" {inner flame, rF++}
 11215 | D:11     | Reached skill level 8 in Maces & Flails
 11743 | D:12     | Noticed a white ugly thing
 11750 | D:12     | Killed a white ugly thing
 11750 | D:12     | Noticed a two-headed ogre
 11751 | D:12     | Reached skill level 9 in Maces & Flails
 11754 | D:12     | Received a gift from Trog
 11758 | D:12     | Killed a two-headed ogre
 12024 | D:12     | Noticed a white ugly thing
 12028 | D:12     | Killed a white ugly thing
 12243 | D:12     | Reached skill level 10 in Fighting
 12434 | D:12     | Reached skill level 10 in Maces & Flails
 12437 | D:12     | Reached XP level 12. HP: 82/106 MP: 11/11
 12925 | D:13     | Found a transporter.
 12925 | D:13     | Noticed a red very ugly thing
 12926 | D:13     | Noticed a red very ugly thing
 12982 | D:14     | Noticed a two-headed ogre
 12987 | D:14     | Killed a two-headed ogre
 12988 | D:14     | Reached skill level 11 in Maces & Flails
 12993 | D:14     | Noticed a boulder beetle
 12998 | D:14     | Noticed a centaur warrior
 12998 | D:14     | Killed a boulder beetle
 13188 | D:14     | Killed a centaur warrior
 13202 | D:14     | Reached skill level 12 in Maces & Flails
 13426 | D:14     | Reached skill level 13 in Maces & Flails
 13429 | D:14     | Noticed a vault guard
 13432 | D:14     | Noticed a vault guard
 13435 | D:14     | Noticed a vault guard
 13447 | D:14     | Killed a vault guard
 13448 | D:14     | Killed a vault guard
 13452 | D:14     | Killed a vault guard
 13453 | D:14     | Noticed a tengu warrior
 13458 | D:14     | Noticed a tengu warrior
 13470 | D:14     | Killed a tengu warrior
 13471 | D:14     | Reached XP level 13. HP: 25/116 MP: 12/12
 13486 | D:14     | Reached skill level 14 in Maces & Flails
 13516 | D:14     | Slain by a vault guard

Illustrated notes

Levels and vault maps discovered:
D:1:      psy_arrival_spokes, layout_loops_ring
D:2:      layout_rooms, old_standard_altar, minmay_puff
D:3:      layout_basic
D:4:      layout_rooms
D:5:      layout_basic, grunt_qazlal_clouds, nicolae_hepliaklqana_hippocampus,
          nicolae_wu_jian_wuxing_cycle, serial_shops, shop,
          brannock_xom_greatest_gift, uniq_pikel, uniq_ijyb, uniq_grinder
D:6:      layout_loops_ring, minmay_misc_feat_enclosed
D:7:      layout_basic, temple_fountains, serial_shops, shop,
          uniq_prince_ribbit1
D:8:      layout_gridville, chequers_temple_overflow_statue_of_worship,
          grunt_lair_entry_orc_guard_hut
D:9:      layout_cave_pods, minivault_14, uniq_maggie
D:10:     layout_loops_cross, orc_0_dummy, serial_shops, shop,
          nicolae_shop_behind_doors, shop_coins, special_room
          [special_room_orc], uniq_psyche
D:11:     layout_layer_cave
D:12:     layout_roguey [special_room_orc], kennysheep_dice
D:13:     gammafunk_cloud_chamber, layout_gridville, uniq_erolcha
D:14:     layout_cave_pools, erik_vaults_2, serial_bayou_shore_b,
          amcnicky_mini_pool_small
Temple:   compressed_dpeg_circular_temple

Skill      XL: |  1  2  3  4  5  6  7  8  9 10 11 12 13 |
---------------+----------------------------------------+-----
Fighting       | 4 5 6 7 8 10 11 | 11.7
Axes           | 4 6 |  6.0
Maces & Flails | 1 2 4 6 7 10 13 14 | 14.2
Armour         | 3 5 7 9 10 11 12 13 | 13.3
Polearms       | 3 6 9 10 11 | 11.0
Shields        | 1 2 5 6 |  6.0
Dodging        | 3 |  3.4
Throwing       | 4 5 |  5.1
Stealth        | 1 |  1.1

Action                   |  1- 3 |  4- 6 |  7- 9 | 10-12 | 13-15 || total
-------------------------+-------+-------+-------+-------+-------++-------
Melee: Hand axe          |    34 |       |       |       |       ||    34
       Headbutt          |    10 |    23 |    38 |   102 |     7 ||   180
       Whip              |    47 |   129 |       |       |       ||   176
       Spear             |       |    47 |   255 |   301 |       ||   603
       Flail             |       |       |       |    70 |       ||    70
       Great mace        |       |       |       |   150 |    25 ||   175
       Broad axe         |       |       |       |     9 |       ||     9
Throw: Dart              |       |       |    28 |   102 |       ||   130
Invok: Trog's Hand       |       |     1 |     2 |     5 |     2 ||    10
       Berserk           |       |     1 |       |     1 |       ||     2
       Brothers in Arms  |       |       |       |     4 |       ||     4
 Abil: Evoke Flight      |       |       |       |     1 |       ||     1
  Use: Scroll            |       |       |    10 |    10 |       ||    20
       Potion            |       |       |       |       |     3 ||     3
Armor: Animal skin       |     7 |       |       |       |       ||     7
       Scale mail        |    22 |       |       |       |       ||    22
       Chain mail        |     2 |    36 |       |       |       ||    38
       Plate armour      |       |    79 |   125 |   364 |    16 ||   584
Dodge: Dodged            |    50 |    47 |    37 |   145 |     6 ||   285
Block: Buckler           |       |     4 |    29 |     4 |       ||    37
       Kite shield       |       |       |       |   182 |       ||   182

Table legend: (Time is in decaauts)
 A = Elapsed time spent in this place.
 B = Non-inter-level travel time spent in this place.
 C = Inter-level travel time spent in this place.
 D = Time resting spent in this place.
 E = Time spent auto-exploring this place.
 F = Levels seen in this place.
 G = Mean time per level.
                   A        B        C        D        E       F      G
               +--------+--------+--------+--------+--------+-----+--------+
         Total |  13482 |  12790 |    692 |    178 |   8851 |  15 |  898.8 |
       Dungeon |  13347 |  12678 |    669 |    178 |   8773 |  14 |  953.4 |
        Temple |    135 |    112 |     23 |      0 |     78 |   1 |  135.0 |
               +--------+--------+--------+--------+--------+-----+--------+

Top non-repeatable levels by time:
    D:11: 2061 daAuts
     D:8: 1321 daAuts
    D:12: 1278 daAuts
     D:9: 1159 daAuts
     D:1: 1091 daAuts
     D:5: 1090 daAuts
    D:10: 1089 daAuts
     D:3: 856 daAuts
     D:6: 787 daAuts
     D:2: 763 daAuts
     D:7: 657 daAuts
     D:4: 547 daAuts
    D:13: 356 daAuts
    D:14: 286 daAuts
  Temple: 135 daAuts
